 Dungeon Crawl Stone Soup version 0.21.1-1-g345015f (webtiles) character file.

953 tidbits the Covert (level 8, -8/63 HPs)
             Began as a Gnoll Assassin on Mar 29, 2018.
             Splashed by a jelly's acid (9 damage)
             ... on level 5 of the Dungeon.
             The game lasted 00:18:56 (1864 turns).

tidbits the Covert (Gnoll Assassin)                 Turns: 1864, Time: 00:18:57

Health: -8/63      AC: -1    Str: 17    XL:     8   Next: 14%
Magic:  4/4        EV: 15    Int: 18    God:
Gold:   381        SH:  0    Dex: 20    Spells: 12/12 levels left

rFire    . . .     SeeInvis .   b - +6 mace of Dim Light {antimagic, *Noise rN+ MR+ Str+4}
rCold    . . .     Gourm    .   (no shield)
rNeg     + + .     Faith    .   B - +1 robe of the Ecumenical Temple {+Blink rN+ Int+2 Dex+3}
rPois    .         Spirit   .   E - +1 helmet
rElec    .         Reflect  .   C - +0 cloak
rCorr    .         Harm     .   (no gloves)
MR       +....                  (no boots)
Stlth    ++++......             (no amulet)
HPRegen  0.20/turn              (no ring)
MPRegen  0.09/turn              (no ring)

@: corroded
A: distributed training, fangs 1, strong nose
a: Evoke Blink


You were on level 5 of the Dungeon.
You were not hungry.

You visited 1 branch of the dungeon, and saw 7 of its levels.
You also visited: Sewer and Ossuary.

You collected 381 gold pieces.

Inventory:

Hand Weapons
 a - a +2 dagger
 b - the +6 mace of Dim Light (weapon) {antimagic, *Noise rN+ MR+ Str+4}
   (You found it on level 6 of the Dungeon)

   It reduces the magical energy of the wielder, and disrupts the spells and
   magical abilities of those hit.
   Natural abilities and divine invocations are not affected.
   It affects your strength (+4).
   It protects you from negative energy.
   It affects your resistance to hostile enchantments.
   It may make noises in combat.
 g - a +0 blowgun
 q - a +0 trident
 w - a +0 hunting sling
 x - a +0 war axe
Missiles
 e - 4 poisoned needles
 f - 2 curare-tipped needles
 r - 44 bolts
 s - 23 stones (quivered)
 v - 25 arrows
 y - 2 tomahawks
Armour
 h - a +0 robe
 k - a +0 leather armour of magic resistance
   (You found it on level 5 of the Dungeon)
 B - the +1 robe of the Ecumenical Temple (worn) {+Blink rN+ Int+2 Dex+3}
   (You found it on level 6 of the Dungeon)

   It affects your intelligence (+2).
   It affects your dexterity (+3).
   It protects you from negative energy.
   It lets you blink.
 C - a +0 cloak (worn)
 E - a +1 helmet (worn)
Jewellery
 z - an uncursed amulet of inaccuracy
   (You found it on level 6 of the Dungeon)
Scrolls
 i - 2 scrolls of identify
 l - 2 scrolls of teleportation
 n - a scroll of noise
 p - 3 scrolls of amnesia
Potions
 d - a potion of might
 j - 5 potions of flight
 m - a potion of curing
 o - 2 potions of magic
 t - 2 potions of resistance
Comestibles
 c - 8 rations


   Skills:
 + Level 5.5 Fighting
 + Level 5.5 Short Blades
 + Level 2.9 Long Blades
 + Level 2.9 Axes
 + Level 2.9 Maces & Flails
 + Level 2.9 Polearms
 + Level 2.9 Staves
 + Level 2.9 Slings
 + Level 2.9 Bows
 + Level 2.9 Crossbows
 + Level 5.5 Throwing
 + Level 2.9 Armour
 + Level 4.0 Dodging
 + Level 8.4 Stealth
 + Level 2.9 Shields
 + Level 2.9 Unarmed Combat
 + Level 2.9 Spellcasting
 + Level 2.3 Conjurations
 + Level 2.3 Hexes
 + Level 2.3 Charms
 + Level 2.3 Summonings
 + Level 2.3 Necromancy
 + Level 2.3 Translocations
 + Level 2.3 Transmutations
 + Level 2.3 Fire Magic
 + Level 2.3 Ice Magic
 + Level 2.3 Air Magic
 + Level 2.3 Earth Magic
 + Level 2.3 Poison Magic
 + Level 3.2 Invocations
 + Level 2.9 Evocations


You had 12 spell levels left.
You didn't know any spells.

Dungeon Overview and Level Annotations

Branches:
Dungeon (7/15)
 Temple: D:4-7

Altars:

Annotations:
D:3 GenChuck's ghost, amateur DrAE


Innate Abilities, Weirdness & Mutations

Your experience applies equally to all skills.
You have very sharp teeth.
Your uncanny sense of smell can sniff out nearby items.


Message History

The phantom is moderately damaged.
The phantom completely misses you.
You closely miss the phantom.
Your mace of Dim Light calls out a warning!
Your bite misses the phantom.
The phantom is moderately damaged.
You hear a bark!
You hit the phantom.
The phantom's magic leaks into the air.
The phantom is heavily damaged.
The phantom falters for a moment.
You closely miss the phantom.
The phantom is heavily damaged.
The phantom misses you.
You closely miss the phantom.
The phantom is heavily damaged.
The phantom hits you but does no damage.
You sock the phantom!
The phantom's magic leaks into the air.
The phantom is severely damaged.
The phantom closely misses you.
An orc wizard comes into view. It is wielding a dagger.
You sock the phantom!
The phantom's magic leaks into the air.
The phantom is almost destroyed.
You hit the phantom.
You destroy the phantom!
You have reached level 8!
You feel clever.
A hound comes into view.
The orc wizard completely misses you.
You barely miss the orc wizard.
You bite the orc wizard, but do no damage.
You hit the orc wizard.
The orc wizard's magic leaks into the air.
The orc wizard is heavily wounded.
The orc wizard hits you but does no damage.
You sock the orc wizard!
You kill the orc wizard!
An orc comes into view.
The hound misses you.
Items here: ((( † a stone; 2 curare-tipped needles; 4 poisoned needles; a scorpion corpse You hit the hound.
You hear a very strange noise.
The hound is lightly wounded.
The hound misses you.
You closely miss the hound.
The hound is lightly wounded.
The hound bites you.
* * * LOW HITPOINT WARNING * * *
You hit the hound.
The hound is heavily wounded.
The hound barely misses you.
You thump the hound!
You kill the hound!
Your Dodging skill increases to level 4!
f - 2 curare-tipped needles;
e - 4 poisoned needles You closely miss the orc.
You thump the orc!
You kill the orc!
You see here an orc corpse.
Things that are here:
a dagger; a robe; an orc corpse You see here an orc corpse.
You see here a poisoned needle.
Your extra speed is starting to run out.
You feel a little less agile now.
You see here a potion of might.
d - a potion of might You feel yourself slow down.
Found a scroll of identify.
Found 10 gold pieces.
You see here a scroll of identify.
Okay, then.
i - 2 scrolls of identify (gained 1)
Found a leather armour.
Found a spear.
Found a chain mail.
A jelly comes into view.
The jelly quivers.
You hit the jelly.
Your hands burn!
* * * LOW HITPOINT WARNING * * *
The jelly is moderately wounded.
The jelly hits you.
* * * LOW HITPOINT WARNING * * *
The acid corrodes you!
You are splashed with acid!
The acid burns!
* * * LOW HITPOINT WARNING * * *
You hit the jelly.
Your hands burn!
* * * LOW HITPOINT WARNING * * *
The jelly is heavily wounded.
The jelly barely misses you.
You hit the jelly. The acid corrodes you!
Your hands burn!
* * * LOW HITPOINT WARNING * * *
The jelly is severely wounded.
The jelly barely misses you. The jelly misses you.
You hit the jelly.
Your hands burn!
* * * LOW HITPOINT WARNING * * *
The jelly is almost dead.
The jelly hits you.
* * * LOW HITPOINT WARNING * * *
You are splashed with acid!
The acid burns!
You die...

.### ### . ... #.. ( # .#.. #.#
.##.#.. # #J# .......##
#.###@###.##.#...#
#.#............#.#
#...............<#
##############.###.#######.##
#................[.........######
.$......######.##....#####.......
...............##).........####.#
..#####.######.###....####.# #†.
#.######.# #..#.# #.# ##..


You could see a jelly.

Vanquished Creatures
  An ice beast (D:7)
  A sky beast (D:5)
  A phantom (D:5)
  4 bullfrogs (D:6)
  A scorpion (D:5)
  A bullfrog skeleton (D:6)
  A hound (D:5)
  An orc wizard (D:5)
  5 mummies (Ossuary)
  Robin (D:4)
  A gnoll (D:6)
  8 adders
  3 oozes (Sewer)
  3 worms
  5 leopard geckos
  13 orcs
  5 giant cockroaches
  A gnoll zombie (Ossuary)
  18 goblins
  16 hobgoblins
  4 jackals (Sewer)
  2 quokkas
  A ball python (Sewer)
  9 bats
  3 frilled lizards
  2 hobgoblin zombies (Ossuary)
  7 kobolds
  A kobold zombie (Ossuary)
  4 rats
123 creatures vanquished.

Notes
Turn   | Place    | Note
-------+----------+-------------------------------------------
     0 | D:1      | tidbits the Gnoll Assassin began the quest for the Orb.
     0 | D:1      | Reached XP level 1. HP: 20/20 MP: 1/1
    55 | D:2      | Reached XP level 2. HP: 26/26 MP: 2/2
   116 | D:2      | Reached XP level 3. HP: 27/31 MP: 3/3
   252 | D:3      | Noticed GenChuck's ghost (amateur DrAE)
   289 | D:3      | Reached skill level 1 in Invocations
   318 | D:3      | Reached skill level 1 in Long Blades
   318 | D:3      | Reached skill level 1 in Axes
   318 | D:3      | Reached skill level 1 in Maces & Flails
   318 | D:3      | Reached skill level 1 in Polearms
   318 | D:3      | Reached skill level 1 in Staves
   318 | D:3      | Reached skill level 1 in Slings
   318 | D:3      | Reached skill level 1 in Bows
   318 | D:3      | Reached skill level 1 in Crossbows
   318 | D:3      | Reached skill level 1 in Armour
   318 | D:3      | Reached skill level 1 in Shields
   318 | D:3      | Reached skill level 1 in Unarmed Combat
   318 | D:3      | Reached skill level 1 in Spellcasting
   318 | D:3      | Reached skill level 1 in Evocations
   318 | D:3      | Reached XP level 4. HP: 21/38 MP: 5/5
   491 | D:3      | Found a glowing drain.
   523 | Sewer    | Entered a sewer
   542 | Sewer    | Reached skill level 1 in Conjurations
   542 | Sewer    | Reached skill level 1 in Hexes
   542 | Sewer    | Reached skill level 1 in Charms
   542 | Sewer    | Reached skill level 1 in Summonings
   542 | Sewer    | Reached skill level 1 in Necromancy
   542 | Sewer    | Reached skill level 1 in Translocations
   542 | Sewer    | Reached skill level 1 in Transmutations
   542 | Sewer    | Reached skill level 1 in Fire Magic
   542 | Sewer    | Reached skill level 1 in Ice Magic
   542 | Sewer    | Reached skill level 1 in Air Magic
   542 | Sewer    | Reached skill level 1 in Earth Magic
   542 | Sewer    | Reached skill level 1 in Poison Magic
   764 | Sewer    | Reached XP level 5. HP: 26/43 MP: 6/6
   914 | D:5      | Entered Level 5 of the Dungeon
   999 | D:4      | Noticed Robin
  1059 | D:4      | Killed Robin
  1059 | D:4      | Reached skill level 3 in Dodging
  1191 | D:6      | Found a sand-covered staircase.
  1204 | D:6      | Reached skill level 8 in Stealth
  1204 | D:6      | Reached XP level 6. HP: 46/50 MP: 8/8
  1209 | Ossuary  | Entered an ossuary
  1270 | Ossuary  | Reached skill level 2 in Invocations
  1363 | D:7      | Noticed an ice beast
  1363 | D:7      | Noticed a phantom
  1365 | D:7      | Killed an ice beast
  1365 | D:7      | Reached skill level 5 in Fighting
  1365 | D:7      | Reached skill level 5 in Short Blades
  1365 | D:7      | Reached skill level 2 in Long Blades
  1365 | D:7      | Reached skill level 2 in Axes
  1365 | D:7      | Reached skill level 2 in Maces & Flails
  1365 | D:7      | Reached skill level 2 in Polearms
  1365 | D:7      | Reached skill level 2 in Staves
  1365 | D:7      | Reached skill level 2 in Slings
  1365 | D:7      | Reached skill level 2 in Bows
  1365 | D:7      | Reached skill level 2 in Crossbows
  1365 | D:7      | Reached skill level 5 in Throwing
  1365 | D:7      | Reached skill level 2 in Armour
  1365 | D:7      | Reached skill level 2 in Shields
  1365 | D:7      | Reached skill level 2 in Unarmed Combat
  1365 | D:7      | Reached skill level 2 in Spellcasting
  1365 | D:7      | Reached skill level 2 in Evocations
  1379 | D:6      | Noticed a sky beast
  1385 | D:6      | Got a transparent robe
  1396 | D:6      | Identified the +1 robe of the Ecumenical Temple {+Blink rN+ Int+2 Dex+3} (You found it on level 6 of the Dungeon)
  1477 | D:6      | Got an iridescent mace
  1478 | D:6      | Identified the +6 mace of Dim Light {antimagic, *Noise rN+ MR+ Str+4} (You found it on level 6 of the Dungeon)
  1500 | D:6      | Reached XP level 7. HP: 29/56 MP: 3/10
  1681 | D:6      | Reached skill level 2 in Conjurations
  1681 | D:6      | Reached skill level 2 in Hexes
  1681 | D:6      | Reached skill level 2 in Charms
  1681 | D:6      | Reached skill level 2 in Summonings
  1681 | D:6      | Reached skill level 2 in Necromancy
  1681 | D:6      | Reached skill level 2 in Translocations
  1681 | D:6      | Reached skill level 2 in Transmutations
  1681 | D:6      | Reached skill level 2 in Fire Magic
  1681 | D:6      | Reached skill level 2 in Ice Magic
  1681 | D:6      | Reached skill level 2 in Air Magic
  1681 | D:6      | Reached skill level 2 in Earth Magic
  1681 | D:6      | Reached skill level 2 in Poison Magic
  1771 | D:5      | HP: 3/56 [something (6)]
  1779 | D:5      | Reached skill level 3 in Invocations
  1792 | D:5      | Reached XP level 8. HP: 15/63 MP: 4/12
  1803 | D:5      | Reached skill level 4 in Dodging
  1862 | D:5      | HP: 5/63 [acid (3)]
  1864 | D:5      | HP: 2/63 [acid (3)]
  1864 | D:5      | Splashed by a jelly's acid

Skill      XL: |  1  2  3  4  5  6  7  8 |
---------------+-------------------------+-----
Invocations    | 1 2 3 |  3.2
Long Blades    | 1 2 |  2.9
Axes           | 1 2 |  2.9
Maces & Flails | 1 2 |  2.9
Polearms       | 1 2 |  2.9
Staves         | 1 2 |  2.9
Slings         | 1 2 |  2.9
Bows           | 1 2 |  2.9
Crossbows      | 1 2 |  2.9
Armour         | 1 2 |  2.9
Shields        | 1 2 |  2.9
Unarmed Combat | 1 2 |  2.9
Spellcasting   | 1 2 |  2.9
Evocations     | 1 2 |  2.9
Conjurations   | 1 2 |  2.3
Hexes          | 1 2 |  2.3
Charms         | 1 2 |  2.3
Summonings     | 1 2 |  2.3
Necromancy     | 1 2 |  2.3
Translocations | 1 2 |  2.3
Transmutations | 1 2 |  2.3
Fire Magic     | 1 2 |  2.3
Ice Magic      | 1 2 |  2.3
Air Magic      | 1 2 |  2.3
Earth Magic    | 1 2 |  2.3
Poison Magic   | 1 2 |  2.3
Dodging        | 3 4 |  4.0
Stealth        | 8 |  8.4
Fighting       | 5 |  5.5
Short Blades   | 5 |  5.5
Throwing       | 5 |  5.5

Action                   |  1- 3 |  4- 6 |  7- 9 || total
-------------------------+-------+-------+-------++-------
Melee: Dagger            |   100 |   182 |    20 ||   302
       Bite              |     8 |    15 |     7 ||    30
       Unarmed           |       |    15 |    14 ||    29
       Punch             |       |     2 |       ||     2
       Mace              |       |    12 |    57 ||    69
       Blowgun           |       |       |     1 ||     1
 Fire: Blowgun           |       |    13 |    16 ||    29
Throw: Stone             |       |     4 |     1 ||     5
  Use: Potion            |       |    12 |     3 ||    15
       Scroll            |       |     8 |     2 ||    10
 Stab: Sleeping          |     6 |     6 |       ||    12
       Invisible         |       |     7 |       ||     7
       Distracted        |       |     1 |       ||     1
  Eat: Chunk             |       |     1 |       ||     1
       Ration            |       |     1 |     1 ||     2
Armor: Robe              |    21 |    34 |    20 ||    75
       Skin              |       |    39 |    15 ||    54
       Leather armour    |       |     3 |       ||     3
Dodge: Dodged            |    81 |   165 |    72 ||   318

Table legend:
 A = Turns spent in this place as a percentage of turns spent in the entire game.
 B = Non-inter-level travel turns spent in this place as a percentage of non-inter-level travel turns spent in the entire game.
 C = Inter-level travel turns spent in this place as a percentage of turns spent in this place.
 D = Turns resting spent in this place as a percentage of non-inter-level travel turns spent in this place.
 E = Turns spent auto-exploring this place as a percentage of non-inter-level travel turns spent in this place.
 F = Non-inter-level travel turns spent in this place divided by the number of levels of this place that you've seen.
                   A       B       C       D       E      F
               +-------+-------+-------+-------+-------+----------------------
         Total | 100.0 | 100.0 |   1.7 |   0.0 |   0.0 | 203.7
       Dungeon |  75.6 |  75.2 |   2.2 |   0.0 |   0.0 | 196.9
         Sewer |  16.8 |  17.1 |   0.0 |   0.0 |   0.0 | 313.0
       Ossuary |   7.6 |   7.7 |   0.0 |   0.0 |   0.0 | 142.0
               +-------+-------+-------+-------+-------+----------------------

Table legend:
 A = Kills in this place as a percentage of kills in entire the game.
 B = Kills by you in this place as a percentage of kills by you in the entire game.
 C = Kills by friends in this place as a percentage of kills by friends in the entire game.
 D = Other kills in this place as a percentage of other kills in the entire game.
 E = Experience gained in this place as a percentage of experience gained in the entire game.
 F = Experience gained in this place divided by the number of levels of this place that you have seen.
                   A       B       C       D       E      F
               +-------+-------+-------+-------+-------+----------------------
         Total | 100.0 | 100.0 |   N/A |   N/A | 100.0 | 151.3
       Dungeon |  80.5 |  80.5 |   N/A |   N/A |  89.7 | 174.6
         Sewer |  12.2 |  12.2 |   N/A |   N/A |   3.1 |  42.0
       Ossuary |   7.3 |   7.3 |   N/A |   N/A |   7.2 |  98.0
               +-------+-------+-------+-------+-------+----------------------

Vault maps used:
D:1:      tarquinn_simple_flora_water_c
D:2:      nicolae_overflow_hidden_temple
D:3:      gup_sewer_entry_bubbles, minmay_vboxes
D:4:      marbit_many_paths, minmay_temple_entry_purple_smoke, first_ration,
          uniq_robin
D:5:      old_standard_altar
D:6:      corexii_shantytown, nicolae_ossuary_entry_monument
D:7:      minivault_24, centaur_isle
Sewer:    sewer_fruit_machine
Ossuary:  ossuary_tomb_3
